 Dungeon Crawl Stone Soup version 0.30-a0-354-g6b83867211 (webtiles) character file.

Game seed: 11154439421194582380

18 PimpSugar the Magician (level 2, 0/20 HPs)
             Began as a Demonspawn Hedge Wizard on Nov 7, 2022.
             Shot with a sling bullet by something (5 damage)
             ... on level 2 of the Dungeon.
             The game lasted 00:03:02 (1496 turns).

PimpSugar the Magician (Demonspawn Hedge Wizard)    Turns: 1496, Time: 00:03:02

Health: 0/20       AC:  2    Str: 10    XL:     2   Next: 51%
Magic:  1/6        EV: 12    Int: 17    God:
Gold:   81         SH:  0    Dex: 12    Spells: 4/7 levels left

rFire   . . .      SeeInvis .    m - +0 sling
rCold   . . .      Faith    .    (no shield)
rNeg    . . .      Spirit   .    b - +0 robe
rPois   .          Reflect  .    c - +0 hat
rElec   .          Harm     .    (no cloak)
rCorr   .          Rampage  .    (no gloves)
Will    .....                    (no boots)
Stlth   ++........               (no amulet)
HPRegen 0.23/turn                (no ring)
MPRegen 0.10/turn                (no ring)

@: no status effects
A: big brain 1
a: no special abilities


You were on level 2 of the Dungeon.
You visited 1 branch of the dungeon, and saw 2 of its levels.

You collected 81 gold pieces.

Inventory:

Hand Weapons
 a - a +0 dagger
 m - a +0 sling (weapon)
Missiles
 e - 18 stones
Armour
 b - a +0 robe (worn)
 c - a +0 hat (worn)
Scrolls
 f - 2 scrolls of identify
 g - a scroll of amnesia {unknown}
 k - a scroll of magic mapping {unknown}
Potions
 d - a potion of magic
 h - a potion of resistance
 i - a potion of flight {unknown}
 j - a potion of cancellation {unknown}
 l - a potion of heal wounds {unknown}
 n - a potion of lignification {unknown}
 o - a potion of curing {unknown}


   Skills:
 + Level 0.3 Fighting
 + Level 1.9 Dodging
 + Level 1.9 Stealth
 * Level 3.1 Spellcasting
 * Level 1.4 Conjurations
 + Level 1.2 Summonings
 + Level 1.1 Translocations


You had 4 spell levels left.
You knew the following spells:

 Your Spells              Type           Power      Damage    Failure   Level
a - Magic Dart            Conj           28%        1d4       10%         1
b - Call Imp              Summ           6%         N/A       16%         2

Your spell library contained the following spells:

 Spells                   Type           Power      Damage    Failure   Level
 Slow                     Hex            8%         N/A       17%         1
 Blink                    Tloc           12%        N/A       17%         2
 Cigotuvi's Dreadful Rot  Necr/Pois/Air  4%         N/A       26%         2
 Mephitic Cloud           Conj/Pois/Air  4%         N/A       38%         3


Dungeon Overview and Level Annotations

Branches:
Dungeon (2/15)

Altars:


Innate Abilities, Weirdness & Mutations

You have an unusually large brain. (Int +2)


Message History

The magic dart hits the kobold.
You kill the kobold!
You hear a whirring sound.
A sling bullet appears from out of thin air!
The sling bullet hits you.
You hear a whirring sound.
A sling bullet appears from out of thin air!
The sling bullet hits your crimson imp.
You hear a whirring sound.
A sling bullet appears from out of thin air!
The sling bullet closely misses your crimson imp.
The sling bullet hits you.
You hear a whirring sound.
A sling bullet appears from out of thin air!
The sling bullet misses your crimson imp.
The sling bullet hits you but does no damage.
Fire: m) +0 sling
Press: ? - help, Q - select action, (/) - cycle Shift-Dir - straight line, f - you
Okay, then.
You hear a whirring sound.
A sling bullet appears from out of thin air!
The sling bullet closely misses your crimson imp.
The sling bullet hits you.
* * * LOW HITPOINT WARNING * * *
You hear a whirring sound.
A sling bullet appears from out of thin air!
The sling bullet misses your crimson imp.
The sling bullet hits you.
* * * LOW HITPOINT WARNING * * *
You hear a whirring sound.
A sling bullet appears from out of thin air!
The sling bullet hits your crimson imp.
As you read the scroll labelled ILED MEDGHY, it crumbles to dust.
It is a scroll of identify.
h - a potion of resistance You hear a whirring sound.
A sling bullet appears from out of thin air!
The sling bullet closely misses your crimson imp.
The sling bullet hits you.
You die...

. . .......
..###. .......
...... .......
....# .......
...#.......
#.).......
#..<.....
######.{......
#.@5..........
#.............
#........#####
#........#
#........####
###.........###
#...........#
#...........#
#...........#


You could see a friendly crimson imp (summoned).

Vanquished Creatures
  A dart slug (D:2)
  2 endoplasms (D:1)
  2 giant cockroaches (D:1)
  3 hobgoblins
  5 kobolds
  3 rats
16 creatures vanquished.

Vanquished Creatures (others)
  A demonic plant (D:1)
  A plant (D:1)
2 creatures vanquished.

Grand Total: 18 creatures vanquished

Notes
Turn   | Place    | Note
-------+----------+-------------------------------------------
     0 | D:1      | PimpSugar the Demonspawn Hedge Wizard began the quest for
                  | the Orb.
     0 | D:1      | Reached XP level 1. HP: 13/13 MP: 4/4
   139 | D:1      | Found a faded altar of an unknown god.
   302 | D:1      | Reached skill level 1 in Translocations
   605 | D:1      | Gained mutation: You have an unusually large brain. (Int
                  | +2) [demonic ancestry]
   605 | D:1      | Reached XP level 2. HP: 19/19 MP: 1/6
   858 | D:1      | Learned a level 2 spell: Call Imp
  1496 | D:2      | Shot with a sling bullet by something

Illustrated notes

Levels and vault maps discovered:
D:1:      minmay_arrival_solitary_statue, layout_loops_corners,
          shapermc_ecumenical_altar_gd, minivault_11
D:2:      layout_basic, uniq_terence

Skill      XL: |  1 |
---------------+----+-----
Translocations | 1 |  1.1
Fighting       | |  0.3
Dodging        | |  1.9
Stealth        | |  1.9
Spellcasting   | |  3.1
Conjurations   | |  1.4
Summonings     | |  1.2

Action                   || total
-------------------------++-------
Melee: Dagger            ||    23
       Punch             ||     1
 Fire: Sling             ||    14
 Cast: Magic Dart        ||    44
       Call Imp          ||     1
  Use: Scroll            ||     1
Armor: Robe              ||     7
Dodge: Dodged            ||    26

Table legend: (Time is in decaauts)
 A = Elapsed time spent in this place.
 B = Non-inter-level travel time spent in this place.
 C = Inter-level travel time spent in this place.
 D = Time resting spent in this place.
 E = Time spent auto-exploring this place.
 F = Levels seen in this place.
 G = Mean time per level.
                   A        B        C        D        E       F      G
               +--------+--------+--------+--------+--------+-----+--------+
         Total |   1501 |   1380 |    121 |      0 |   1173 |   2 |  750.5 |
       Dungeon |   1501 |   1380 |    121 |      0 |   1173 |   2 |  750.5 |
               +--------+--------+--------+--------+--------+-----+--------+

Top non-repeatable levels by time:
     D:1: 1354 daAuts
     D:2: 147 daAuts
